 Dungeon Crawl Stone Soup version 0.32-a0-361-g289a535e89 (webtiles) character file.

Game seed: 16157483623337887532

5730 timneilson the Ruffian (level 10, -13/71 HPs)
             Began as an Octopode Shapeshifter on Feb 18, 2024.
             Was an Initiate of Gozag.
             Killed by the air
             ... invoked by Gastronok
              (25 damage)
             ... on level 9 of the Dungeon.
             The game lasted 00:15:08 (6749 turns).

timneilson the Ruffian (Octopode Shapeshifter)      Turns: 6749, Time: 00:15:10

Health: -13/71     AC:  1    Str: 24    XL:     10   Next: 77%
Magic:  10/10      EV: 22    Int: 13    God:    Gozag
Gold:   574        SH:  6    Dex: 17    Spells: 9/9 levels left

rFire   . .          .
                       - Unarmed
rCold   . . .        x - +1 buckler
rNeg    . . .        (helmet currently unavailable)
rPois   .            A - amulet of the acrobat
rElec   .            f - +6 ring of dexterity
rCorr   +            h - ring of willpower
SInv    .            m - +5 ring of evasion
Will    +++..        o - +6 ring of strength
Stlth   +++++        n - ring of willpower
HPRegen 0.31/turn    v - ring of resist corrosion
MPRegen 0.12/turn    C - ring of willpower
                     (no ring)

%: acrobat
@: beast-form, hasted, very quick
A: beast (slay +4), almost no armour, amphibious, 8 rings, camouflage 1,
gelatinous body 1, (nimble swimmer 1), tentacles
a: Begin Untransformation, Renounce Religion, Potion Petition, Call Merchant,
Bribe Branch


You were on level 9 of the Dungeon.
You worshipped Gozag.
Gozag was pleased with you.
You were a hulking beast.
You visited 2 branches of the dungeon, and saw 10 of its levels.
You also visited: Ossuary.

You collected 692 gold pieces.
You paid 118 gold pieces to Gozag.

Inventory:

Missiles
 e - 22 poisoned darts (quivered)
Armour
 x - a +1 buckler (worn)
Jewellery
 f - a +6 ring of dexterity (left tentacle)
 h - a ring of willpower (right tentacle)
 m - a +5 ring of evasion (on tentacle)
 n - a ring of willpower (on tentacle)
 o - a +6 ring of strength (on tentacle)
 v - a ring of resist corrosion (on tentacle)
 A - an amulet of the acrobat (around mantle)
 C - a ring of willpower (on tentacle)
Talismans
 b - a beast talisman (active)
 c - a flux talisman
Wands
 E - a wand of digging (5)
 F - a wand of acid (10)
Scrolls
 q - a scroll of blinking
 y - a scroll of enchant armour
 z - 2 scrolls of teleportation
 D - a scroll of immolation
Potions
 a - 3 potions of lignification
 d - 3 potions of cancellation
 i - 4 potions of enlightenment
 j - 2 potions of magic
 k - a potion of ambrosia {unknown}
 l - 2 potions of curing
 p - 4 potions of might
 s - 2 potions of degeneration {unknown}
 t - a potion of berserk rage {unknown}
 u - 5 potions of brilliance
 w - 3 potions of attraction
 B - a potion of mutation {unknown}


   Skills:
 * Level 7.1 Fighting
 * Level 7.3 Dodging
 + Level 7.3 Stealth
 + Level 4.0 Shields
 * Level 7.7 Unarmed Combat
 + Level 2.1 Evocations
 * Level 7.1 Shapeshifting


You had 9 spell levels left.
You didn't know any spells.
Your spell library was empty.

Dungeon Overview and Level Annotations

Branches:
Dungeon (9/15)             Temple (1/1) D:7         Ossuary (visited)
   Lair: D:8-11         Orc: D:9-12

Altars:
Ashenzari
Cheibriados
Dithmenos
Elyvilon
Fedhas
Gozag
Kikubaaqudgha
Makhleb
Nemelex Xobeh
Okawaru
Qazlal
Ru
Sif Muna
Trog
Uskayaw
Vehumet
Xom
Yredelemnul
Zin
The Shining One

Annotations:
D:9 Gastronok


Innate Abilities, Weirdness & Mutations

You are a hulking beast.
Your limbs bulge with bestial killing power. (Slay +4)
You cannot wear most types of armour.
You are amphibious.
You can wear up to eight rings at the same time.
Your skin changes colour to match your surroundings (Stealth+).
Your rubbery body absorbs attacks. (AC +1, EV +1)
((You are camouflaged when in or above water. (Stealth+)))
You have tentacles for arms and can constrict up to eight enemies at once.


Message History

Gastronok is lightly wounded.
Gastronok bites you!!!
Ouch! That really hurt!
You tentacle-slap Gastronok.
Gastronok is lightly wounded.
You feel much better. Gastronok bites you!!!
Ouch! That really hurt!
* * * LOW HITPOINT WARNING * * *
You feel yourself speed up.
You feel better. Gastronok bites you!
* * * LOW HITPOINT WARNING * * *
You feel better.
You feel better.
You bludgeon Gastronok!
Gastronok is moderately wounded.
Gastronok mumbles some strange words.
Gastronok puts on a burst of speed!
You tentacle-slap Gastronok.
Gastronok is moderately wounded.
You bludgeon Gastronok!
Gastronok is moderately wounded.
You bludgeon Gastronok! You squeeze Gastronok!
Gastronok is heavily wounded.
You bludgeon Gastronok! Your squeeze misses Gastronok.
Gastronok is heavily wounded.
Gastronok waves his eye-stalks in wide circles.
The air twists around and strikes you!!
* * * LOW HITPOINT WARNING * * *
You tentacle-slap Gastronok. You tentacle-slap Gastronok!
You squeeze Gastronok!
Gastronok is severely wounded.
You tentacle-slap Gastronok.
Gastronok is severely wounded.
You tentacle-slap Gastronok.
Gastronok is severely wounded.
Gastronok waves his eye-stalks in wide circles.
The air twists around and strikes you!!
You die...
Gastronok gurgles, "About time.
I'm starving!"
Your body crumbles into a pile of gold.

......#.................
........................
.........$.............<
#.......................
#..................#####
#..................#....
#.......############....
#.#####w#...............
#h#...............
#.#####.#...............
#.......#...............
#.......#####'######....
##########.........#....
#.......#.........#....
###########.......'.........#....
.........##.....<.#.#######.#....
..................#.# #.#....


You could see Gastronok (swift).

Vanquished Creatures
  A two-headed ogre (D:8)
  Eustachio (D:5)
  6 yaks (D:8)
  2 steam dragons
  Edmund (D:5)
  An acid dragon (D:9)
  3 ogres
  3 ice beasts
  An orc warrior (D:4)
  2 sky beasts
  3 centaurs
  A phantom (D:5)
  2 kobold brigands
  Blork the orc (D:5)
  A bullfrog (D:7)
  3 scorpions
  7 wights
  A burial acolyte (Ossuary)
  6 water moccasin zombies (Ossuary)
  6 killer bees (D:8)
  2 howler monkeys (D:7)
  A spectral scorpion (Ossuary)
  3 jellies
  2 bombardier beetles (D:4)
  2 gnoll boudas
  3 hounds
  4 orc priests
  A sleepcap (D:4)
  An orc wizard (D:4)
  2 crocodile zombies (Ossuary)
  2 mummies (Ossuary)
  Robin (D:3)
  12 gnolls
  7 adders
  A white imp (D:6)
  2 ufetubi (D:6)
  3 ribbon worms
  14 orcs
  4 ball pythons
  7 endoplasms
  6 giant cockroaches
  6 gnoll zombies (Ossuary)
  12 goblins
  8 hobgoblins
  4 jackals (D:2)
  A quokka (D:2)
  4 bats
  4 frilled lizards
  2 jackal zombies (Ossuary)
  12 kobolds
  An orc zombie (Ossuary)
  7 rats
193 creatures vanquished.

Notes
Turn   | Place    | Note
-------+----------+-------------------------------------------
     0 | D:1      | timneilson the Octopode Shapeshifter began the quest for
                  | the Orb.
     0 | D:1      | Reached XP level 1. HP: 13/13 MP: 1/1
    75 | D:1      | Reached XP level 2. HP: 14/18 MP: 2/2
   201 | D:1      | Reached skill level 1 in Stealth
   226 | D:1      | Reached XP level 3. HP: 23/23 MP: 3/3
   823 | D:2      | Reached XP level 4. HP: 29/29 MP: 4/4
  1244 | D:3      | Noticed Robin
  1329 | D:3      | Reached XP level 5. HP: 35/35 MP: 5/5
  1334 | D:3      | Killed Robin
  1726 | D:4      | Found a sand-covered staircase.
  1735 | Ossuary  | Entered an ossuary
  1747 | Ossuary  | Reached XP level 6. HP: 28/40 MP: 6/6
  1892 | Ossuary  | Reached XP level 7. HP: 29/46 MP: 7/7
  2239 | D:4      | Found a stormy altar of Qazlal.
  2315 | D:4      | Reached skill level 5 in Unarmed Combat
  2315 | D:4      | Reached XP level 8. HP: 45/54 MP: 8/8
  2452 | D:4      | Reached skill level 1 in Shields
  2541 | D:4      | Found a shimmering blue altar of Sif Muna.
  2824 | D:5      | Entered Level 5 of the Dungeon
  2848 | D:5      | Noticed Blork the orc
  2861 | D:5      | Killed Blork the orc
  2959 | D:5      | Reached skill level 5 in Shapeshifting
  3019 | D:5      | Reached skill level 5 in Dodging
  3072 | D:5      | Noticed Edmund
  3082 | D:5      | Killed Edmund
  3083 | D:5      | Reached skill level 5 in Fighting
  3083 | D:5      | Reached skill level 5 in Stealth
  3267 | D:5      | Noticed Eustachio
  3274 | D:5      | Killed Eustachio
  3275 | D:5      | Reached XP level 9. HP: 50/61 MP: 9/9
  3842 | D:6      | Identified the +4 pair of gloves "Ihirpho" {Dex+3}
  4042 | D:6      | Found a shimmering altar of Xom.
  4045 | D:6      | Found a shimmering altar of Xom.
  4891 | D:7      | Found a staircase to the Ecumenical Temple.
  4902 | Temple   | Entered the Ecumenical Temple
  4908 | Temple   | Became a worshipper of Gozag Ym Sagoz the Greedy
  5140 | D:7      | Reached XP level 10. HP: 68/68 MP: 10/10
  5624 | D:8      | Noticed a two-headed ogre
  5635 | D:8      | Killed a two-headed ogre
  5636 | D:8      | Reached skill level 1 in Evocations
  6719 | D:9      | Noticed Gastronok
  6749 | D:9      | Killed from afar by Gastronok

Illustrated notes

Levels and vault maps discovered:
D:1:      minmay_arrival_radiant_lines, layout_basic, minmay_surrounded
D:2:      layout_basic
D:3:      layout_rooms, uniq_robin
D:4:      layout_gridville, lemuel_coloured_pillars_altar,
          nicolae_sif_muna_condensation, mainiacjoe_ossuary_entry_dusty_tomb,
          serial_rivers, chequers_serial_rivers_micro_e,
          chequers_serial_rivers_micro_d, chequers_serial_rivers_micro_c,
          chequers_serial_rivers_small_a, chequers_serial_rivers_small_a,
          chequers_serial_rivers_micro_e
D:5:      layout_rooms, uniq_blork_the_orc, uniq_eustachio, uniq_edmund
D:6:      layout_loops_ring, xom_redecorated
D:7:      layout_basic, minmay_temple_entry_stoned_glass,
          minmay_misc_feat_cross, serial_bayou_pond_b
D:8:      layout_loops_ring
D:9:      layout_stronghold, minmay_tree_intersection, uniq_gastronok
Temple:   sentei_temple_godly_chess

Skill      XL: |  1  2  3  4  5  6  7  8  9 10 |
---------------+-------------------------------+-----
Stealth        | 1 2 3 4 5 6 7 |  7.3
Fighting       | 2 3 4 5 6 7 |  7.1
Dodging        | 3 4 5 6 7 |  7.3
Unarmed Combat | 4 5 6 7 |  7.7
Shapeshifting  | 4 5 6 7 |  7.1
Shields        | 2 3 4 |  4.0
Evocations     | 2 |  2.1

Action                     |  1- 3 |  4- 6 |  7- 9 | 10-12 || total
---------------------------+-------+-------+-------+-------++-------
  Melee: Unarmed           |    48 |    88 |   236 |    98 ||   470
         Constrict         |    13 |    28 |    57 |     8 ||   106
         Tentacles         |     3 |    22 |    58 |    23 ||   106
         Punch             |     1 |     6 |    14 |     5 ||    26
  Throw: Dart              |       |       |    25 |     8 ||    33
    Use: Scroll            |     4 |     5 |     5 |     3 ||    17
         Potion            |       |       |       |     8 ||     8
   Stab: Sleeping          |     3 |     5 |    12 |     6 ||    26
         Distracted        |       |       |     1 |       ||     1
 Armour: Skin              |    12 |    27 |    43 |    23 ||   105
  Dodge: Dodged            |    38 |    47 |   140 |    55 ||   280
  Block: Buckler           |       |       |    40 |    23 ||    63

Table legend: (Time is in decaauts)
 A = Elapsed time spent in this place.
 B = Non-inter-level travel time spent in this place.
 C = Inter-level travel time spent in this place.
 D = Time resting spent in this place.
 E = Time spent auto-exploring this place.
 F = Levels seen in this place.
 G = Mean time per level.
                   A        B        C        D        E       F      G
               +--------+--------+--------+--------+--------+-----+--------+
         Total |   6685 |   6523 |    162 |    347 |   4503 |  11 |  607.7 |
       Dungeon |   6329 |   6170 |    159 |    196 |   4482 |   9 |  703.2 |
        Temple |     10 |      7 |      3 |      0 |      0 |   1 |   10.0 |
       Ossuary |    345 |    345 |      0 |    151 |     21 |   1 |  345.0 |
               +--------+--------+--------+--------+--------+-----+--------+

Top non-repeatable levels by time:
     D:7: 1044 daAuts
     D:8: 933 daAuts
     D:6: 839 daAuts
     D:4: 785 daAuts
     D:5: 706 daAuts
     D:3: 638 daAuts
     D:1: 620 daAuts
     D:2: 414 daAuts
     D:9: 346 daAuts
 Ossuary: 345 daAuts
  Temple: 10 daAuts
